 Dungeon Crawl Stone Soup version 0.29.1-15-g9cfb28693d (webtiles) character file.

Game seed: 7649194052624091134

16 sentinel the Digger (level 2, -7/20 HPs)
             Began as a Meteoran Earth Elementalist on July 26, 2023.
             Mangled by Jessica
             ... wielding a +4 spectral club
              (11 damage)
             ... on level 2 of the Dungeon.
             The game lasted 00:00:38 (104 turns).

sentinel the Digger (Meteoran Earth Elementalist)    Turns: 104, Time: 00:00:39

Health: -7/20      AC:  2    Str:  9    XL:     2   Next: 94%
Magic:  4/7        EV: 12    Int: 16    God:
Gold:   0          SH:  0    Dex: 14    Spells: 4/7 levels left

rFire   . . .      SeeInvis .   (no weapon)
rCold   . . .      Faith    .   (no shield)
rNeg    . . .      Spirit   .   a - +0 robe
rPois   .          Reflect  .   (no helmet)
rElec   .          Harm     .   (no cloak)
rCorr   .          Rampage  .   (no gloves)
Will    .....                   (no boots)
Stlth   +.........              (no amulet)
HPRegen 0.06/turn               (no ring)
MPRegen 0.10/turn               (no ring)

@: glowing
A: sense surroundings 1, otherworldly, glowing, explore regen
a: no special abilities


You were on level 2 of the Dungeon.
You visited 1 branch of the dungeon, and saw 2 of its levels.

Inventory:

Armour
 a - a +0 robe (worn)
Magical Staves
 f - a staff of death {!a}
Scrolls
 c - 2 scrolls of teleportation {unknown}
 d - a scroll of vulnerability {unknown}
 e - a scroll of poison {unknown}
 g - a scroll of noise {unknown}
Potions
 b - a potion of magic


   Skills:
 - Level 2.4 Dodging
 - Level 1.4 Stealth
 + Level 3.3 Spellcasting
 - Level 1.2 Transmutations
 + Level 4.1 Earth Magic


You had 4 spell levels left.
You knew the following spells:

 Your Spells              Type           Power      Damage    Failure   Level
a - Sandblast             Erth           32%        2d9       3%          1
j - Passwall              Tmut/Erth      9%         N/A       9%          2

Your spell library contained the following spells:

 Spells                   Type           Power      Damage    Failure   Level
 Stone Arrow              Conj/Erth      18%        3d8       22%         3
 Petrify                  Tmut/Erth      11%        N/A       52%         4


Dungeon Overview and Level Annotations

Branches:
Dungeon (2/15) Zot: 1090

Altars:

Annotations:
D:2 Jessica


Innate Abilities, Weirdness & Mutations

You passively map a small area around you.
You are easily found by Zot.
You glow in the dark.
You regain HP and MP as you explore.


Message History

Welcome, sentinel the Meteoran Earth Elementalist.
Are you destined to find the splendid Orb of Zot, or to die trying?
Press ? for a list of commands and other information.
Found an escape hatch in the floor.
Found a staircase leading out of the dungeon.
Found a stone.
Found a scroll labelled UNYQOIMMIT.
c - a scroll labelled UNYQOIMMIT
There is a staircase leading out of the dungeon here.
There is an escape hatch in the floor here.
You slide downwards.
The hatch slams shut behind you.
The endoplasm quivers.
Found a leather armour.
Found a stone staircase leading up.
The blast of sand hits the endoplasm.
The endoplasm is heavily wounded.
The blast of sand hits the endoplasm!
You kill the endoplasm!
There is a stone staircase leading up here.
You climb upwards.
Magic restored.
The frilled lizard hisses angrily.
Found 4 stones.
There is a stone staircase leading down here.
The blast of sand hits the goblin!
You kill the goblin!
The blast of sand hits the frilled lizard!
You kill the frilled lizard!
The blast of sand hits the goblin!
You kill the goblin!
Your Spellcasting skill increases to level 3!
You have reached level 2!
Memorise Passwall, consuming 2 spell levels and leaving 4?
You start memorising the spell.
You continue memorising. x2
You finish memorising.
Spell assigned to 'j'.
You see here a +0 dagger.
Found a scroll labelled ACYNAF QABIL.
Found a chain mail and a scroll labelled VURERY ZUOCI.
You see here a +0 chain mail.
Found a stone staircase leading down.
d - a scroll labelled VURERY ZUOCI
e - a scroll labelled ACYNAF QABIL
Casting: Sandblast (safe; 3% risk of failure)
Confirm with . or Enter, or press ? or * to list all spells.
Aiming: Passwall (safe; 10% risk of failure)
Press: ? - help, Dir - move target A rock wall.
You begin to meditate on the wall.
You continue meditating on the rock. x2
You finish merging with the rock.
Found a scroll labelled UNYQOIMMIT.
The blast of sand hits the giant cockroach!
You kill the giant cockroach!
You can't see any susceptible monsters within range! (Use Z to cast anyway.)
You can't see any susceptible monsters within range! (Use Z to cast anyway.)
There is a stone staircase leading down here.
c - 2 scrolls labelled UNYQOIMMIT (gained 1)
There is a stone staircase leading down here.
You climb downwards.
Found a spear and a crooked glowing staff.
There is a stone staircase leading up here.
The adder hisses angrily.
The blast of sand hits the adder!
The adder is severely wounded.
The adder bites you.
The blast of sand hits the adder.
You kill the adder!
Your Earth Magic skill increases to level 4!
You can't see any susceptible monsters within range! (Use Z to cast anyway.)
You can't see any susceptible monsters within range! (Use Z to cast anyway.)
You can't see any susceptible monsters within range! (Use Z to cast anyway.)
You can't see any susceptible monsters within range! (Use Z to cast anyway.)
You can't see any susceptible monsters within range! (Use Z to cast anyway.)
You can't see any susceptible monsters within range! (Use Z to cast anyway.)
You can't see any susceptible monsters within range! (Use Z to cast anyway.)
Found a mace.
You see here a staff of death {!a}.
f - a staff of death {!a}
Found a scroll labelled NIQOC HASET.
g - a scroll labelled NIQOC HASET Jessica the Apprentice Sorceress comes into view.
She is wielding a +4 spectral club.
Jessica casts a spell.
Jessica blinks!
Jessica moves out of view.
Jessica looks very angry.
Jessica gestures wildly while chanting.
Jessica seems to speed up.
Jessica gestures wildly while chanting.
Jessica blinks!
You can't see any susceptible monsters within range! (Use Z to cast anyway.)
The blast of sand hits Jessica.
Jessica is lightly wounded.
The blast of sand hits Jessica.
Jessica is severely wounded.
Jessica hits you with a +4 spectral club!
Ouch! That really hurt!
Jessica misses you.
The blast of sand misses Jessica.
Jessica hits you with a +4 spectral club! x2
Ouch! That really hurt!
You die...

, , , ............. * *
#.#......... ,
##.#...#.##.# * * #
#........##.# * * ,
..#...........#
,..............# , ,
..............###.###
......@@.............
.........#.##.###.## *
,.##......#.##.###.####
,* *
..*#......#...........#
,
...##...............####
,
.......................#
......................#
............##.##.######
#.. #....##..##.##.#


You could see Jessica (fast).

Vanquished Creatures
  An adder (D:2)
  An endoplasm (D:2)
  A giant cockroach (D:1)
  2 goblins (D:1)
  A frilled lizard (D:1)
6 creatures vanquished.

Notes
Turn   | Place    | Note
-------+----------+-------------------------------------------
     0 | D:1      | sentinel the Meteoran Earth Elementalist began the quest
                  | for the Orb.
     0 | D:1      | Reached XP level 1. HP: 14/14 MP: 5/5
    27 | D:1      | Reached XP level 2. HP: 20/20 MP: 2/7
    30 | D:1      | Learned a level 2 spell: Passwall
    73 | D:2      | Reached skill level 4 in Earth Magic
    95 | D:2      | Noticed Jessica
   104 | D:2      | Mangled by Jessica

Illustrated notes

Levels and vault maps discovered:
D:1:      dpeg_arrival_tiny_i, layout_basic, dilly_ecumenical_altar_fadedgnrine,
          grunt_decor_resistance, minmay_tiny_reverse_x
D:2:      layout_basic, uniq_jessica

Skill      XL: |  1  2 |
---------------+-------+-----
Spellcasting   | 3 |  3.3
Earth Magic    | 4 |  4.1
Dodging        | |  2.4
Stealth        | |  1.4
Transmutations | |  1.2

Action                   || total
-------------------------++-------
 Cast: Sandblast         ||    11
       Passwall          ||     1
Dodge: Dodged            ||     1
